AoeStats
← paulo.monteiro986

Migration

506512522Analyzed
1v1 RM · 19d ago on Sep 13, 2026· 52m 22s· 2 players
Game mode
Random Map
Map size
132×132
Population
200
Speed
Normal
Resources
Standard
Victory
Conquest
Starting age
Dark Age
Ending age
Imperial Age
RankedLock teamsTeams togetherTeam positionsShared explorationLock speedFull tech treeHidden civsTurbo modeCheats
Victory
Defeat
🇧🇷 Franks · Brazil
882
+16
🇦🇷 Malay · Argentina
886
-16
paulo.monteiro986
12:12 Feudal Age
21:34 Castle Age
23:45 Wheelbarrow
23:21 Loom
24:17 Forging
24:13 Scale Barding Armor
26:25 Iron Casting
26:10 Chain Barding Armor
28:37 Medium Warships
28:13 Fishing Lines
41:25 Husbandry
42:17 Hand Cart
42:03 Gillnets
49:04 Imperial Age
47:07 Double-Bit Axe
49:32 Cavalier
51:27 Paladin
52:21 Bow Saw
Sinisa Perrovic
7:12 Loom
10:09 Feudal Age
10:30 Town Watch
13:18 Double-Bit Axe
18:34 Fletching
24:04 Castle Age
24:23 Bodkin Arrow
24:48 Medium Warships
25:42 Bow Saw
25:21 Horse Collar
34:39 Siphons
35:52 Forging
36:34 Pikeman
38:47 Iron Casting
42:56 Imperial Age
42:11 Arson
42:00 Halberdier
Connection lost

Rejoining the realm…

Still unreachable

The connection could not be restored.

Session expired

The server has moved on; the page needs a fresh start.